 Dungeon Crawl Stone Soup version 0.21-a0-426-g98080a9 (webtiles) character file.

343 ohad the Changer (level 6, -15/38 HPs)
             Began as an Octopode Transmuter on Nov 5, 2017.
             Was an Initiate of Cheibriados.
             Demolished by a two-headed ogre
             ... wielding a +0 giant club
              (19 damage)
             ... on level 4 of the Dungeon.
             The game lasted 00:09:05 (4310 turns).

ohad the Changer (Octopode Transmuter)              Turns: 4310, Time: 00:09:06

Health: -15/38     AC:  2    Str: 11    XL:     6   Next: 57%
Magic:  2/10       EV: 20    Int: 18    God:    Cheibriados [......]
Gold:   198        SH:  0    Dex: 18    Spells: 0/10 levels left

rFire    . . .     SeeInvis .     - Unarmed
rCold    . . .     Gourm    .   (shield currently unavailable)
rNeg     . . .     Faith    .   (helmet currently unavailable)
rPois    x         Spirit   .   (no amulet)
rElec    .         Reflect  .   (no ring)
rCorr    .         Harm     .   (no ring)
MR       .....                  (no ring)
Stlth    ++........             (no ring)
HPRegen  0.12/turn              (no ring)
MPRegen  0.12/turn              (no ring)
                                (no ring)
                                (no ring)

@: spider-form (expiring), very slow
A: almost no armour, stealthy swim, (amphibious), 8 rings, (constrict 8), blurry
vision 1
a: End Transformation, Bend Time, Renounce Religion


You were on level 4 of the Dungeon.
You worshipped Cheibriados.
Cheibriados was noncommittal.
You were hungry.
You were a venomous arachnid creature.
You visited 2 branches of the dungeon, and saw 6 of its levels.

You collected 198 gold pieces.

Inventory:

Hand Weapons
 k - a +0 dagger
 v - a +0 morningstar
Missiles
 a - 24 arrows
 t - 25 bolts
Jewellery
 y - a +3 ring of strength {unknown}
Wands
 w - a wand of confusion (0/48)
Scrolls
 e - a scroll of fear {unknown}
 i - 2 scrolls of amnesia {unknown}
 j - a scroll of magic mapping {unknown}
 m - a scroll of enchant armour {unknown}
 o - a scroll of remove curse {unknown}
 p - a scroll of teleportation
 q - a scroll of noise {unknown}
 x - a scroll of identify {unknown}
Potions
 h - 2 potions of haste
 l - a potion of curing {unknown}
 r - a potion of magic {unknown}
 s - a potion of ambrosia {unknown}
 u - a potion of degeneration {unknown}
Books
 b - a book of Changes

   Spells                             Type                      Level
   a - Beastly Appendage              Transmutation                1
   b - Sticks to Snakes               Transmutation                2
   c - Spider Form                    Transmutation/Poison         3
   d - Ice Form                       Ice/Transmutation            4
   e - Blade Hands                    Transmutation                5
Comestibles
 c - 2 bread rations
 d - 5 chunks of flesh
 f - 2 royal jellies
 g - 2 fruits
 n - 2 meat rations


   Skills:
 - Level 1.0 Fighting
 - Level 2.0 Dodging
 - Level 1.5 Stealth
 - Level 3.0 Unarmed Combat
 - Level 2.6 Spellcasting
 - Level 6.0 Transmutations
 + Level 1.3 Ice Magic


You couldn't memorise any spells.
You knew the following spells:

 Your Spells              Type           Power        Failure   Level  Hunger
a - Beastly Appendage     Tmut           ###...       6%          1    #......
b - Sticks to Snakes      Tmut           ###.....     8%          2    ##.....
c - Spider Form           Tmut/Pois      ##........   32%         3    ###....
d - Ice Form              Ice/Tmut       ###.....     58%         4    #####..


Dungeon Overview and Level Annotations

Branches:
Dungeon (5/15)             Temple (1/1) D:4

Altars:
Ashenzari
Cheibriados
Dithmenos
Elyvilon
Fedhas
Gozag
Hepliaklqana
Kikubaaqudgha
Makhleb
Nemelex Xobeh
Okawaru
Qazlal
Ru
Sif Muna
Trog
Uskayaw
Vehumet
Wu Jian
Xom
Yredelemnul
Zin
The Shining One

Shops:
D:4 :


Innate Abilities, Weirdness & Mutations

You cannot wear most types of armour.
You are very stealthy in the water. (Stealth+)
((You are amphibious.))
You can wear up to eight rings at the same time.
((You can use your tentacles to constrict eight enemies at once.))
((Your skin changes colour to match your surroundings (Stealth+).))
((Your rubbery body absorbs attacks. (AC +1, EV +1)))
Scrolls take you a little longer to read.


Message History

Unknown command.
You hit the two-headed ogre but do no damage.
The two-headed ogre looks as sick as possible!
The two-headed ogre is severely wounded.
Your transformation is almost over.
Your ball python bites the two-headed ogre but does no damage.
The two-headed ogre completely misses you.
The two-headed ogre hits you with a giant spiked club!
* * * LOW HITPOINT WARNING * * *
You hit the two-headed ogre.
The two-headed ogre is severely wounded.
Your ball python bites the two-headed ogre but does no damage.
Unknown command.
You hit the two-headed ogre.
The two-headed ogre looks as sick as possible!
The two-headed ogre is severely wounded.
Your ball python bites the two-headed ogre but does no damage.
The two-headed ogre hits you with a giant club!!
Ouch! That really hurt!
You die...

...... .. #...>.
.. #..#.# .#
#..#.# O# #..#.#
.# ########..#.#
.#
..........#.####.#
########..SO.....#
#......#s######
#.#รท#.##.# #.#
#......# ..#.##
#.#.#### .......
#.#.# .......
#.#.## .......
#.#..# .......
#.#..# .......
#.#..#


You could see a two-headed ogre and a friendly ball python.

Vanquished Creatures
  An ogre (D:4)
  A howler monkey (D:4)
  A worker ant (D:4)
  4 gnolls
  6 adders
  7 worms
  2 dart slugs
  2 leopard geckos (D:1)
  7 orcs
  8 bats
  3 giant cockroaches
  7 goblins
  12 hobgoblins
  4 quokkas
  6 frilled lizards
  5 kobolds
  6 rats
82 creatures vanquished.

Notes
Turn   | Place    | Note
-------+----------+-------------------------------------------
     0 | D:1      | ohad the Octopode Transmuter began the quest for the Orb.
     0 | D:1      | Reached XP level 1. HP: 13/13 MP: 3/3
    43 | D:1      | Reached skill level 1 in Stealth
   320 | D:1      | Reached XP level 2. HP: 14/18 MP: 3/5
   332 | D:1      | Learned a level 2 spell: Sticks to Snakes
   605 | D:1      | Reached skill level 3 in Transmutations
   923 | D:1      | Reached XP level 3. HP: 19/23 MP: 4/6
   931 | D:1      | Learned a level 3 spell: Spider Form
  2136 | D:2      | Gained mutation: You possess an exceptional clarity of mind. [mutagenic glow]
  2171 | D:2      | Lost mutation: You possess an exceptional clarity of mind. [mutagenic glow]
  2193 | D:2      | Gained mutation: Scrolls take you a little longer to read. [mutagenic glow]
  2352 | D:2      | Reached skill level 4 in Transmutations
  2352 | D:2      | Reached XP level 4. HP: 28/28 MP: 4/7
  3270 | D:3      | Reached XP level 5. HP: 21/33 MP: 5/8
  3388 | D:3      | You fall through a shaft for 2 floors!
  3388 | D:5      | Entered Level 5 of the Dungeon
  3388 | D:5      | Noticed an ogre
  3453 | D:5      | Reached skill level 5 in Transmutations
  3514 | D:4      | Found Budwef's Book Emporium.
  3552 | D:4      | Found a staircase to the Ecumenical Temple.
  3561 | Temple   | Entered the Ecumenical Temple
  3675 | Temple   | Became a worshipper of Cheibriados the Contemplative
  3860 | D:4      | Noticed an ogre
  3872 | D:4      | Killed an ogre
  3872 | D:4      | Reached skill level 6 in Transmutations
  3872 | D:4      | Reached XP level 6. HP: 27/38 MP: 4/9
  3918 | D:4      | Found a hide-covered altar of Uskayaw.
  4126 | D:4      | Learned a level 4 spell: Ice Form
  4282 | D:4      | Reached skill level 1 in Ice Magic
  4290 | D:4      | Noticed a two-headed ogre
  4310 | D:4      | Demolished by a two-headed ogre

Vault maps used:
D:1:      minmay_arrival_stone_box
D:2:      kb_forest_paths, minmay_misc_feat_five
D:4:      old_standard_altar, minmay_temple_entry_statues_pillars, serial_shops,
          shop
D:5:      first_bread, basic_altar, minmay_crystal_room, kennysheep_boxes
Temple:   kilobyte_greek_temple

Skill      XL: |  1  2  3  4  5  6 |
---------------+-------------------+-----
Stealth        | 1 |  1.5
Transmutations | 3 4 6 |  6.0
Ice Magic      | 1 |  1.3
Fighting       | |  1.0
Dodging        | |  2.0
Unarmed Combat | |  3.0
Spellcasting   | |  2.6

Action                   |  1- 3 |  4- 6 || total
-------------------------+-------+-------++-------
Melee: Unarmed           |    93 |   144 ||   237
       Constrict         |    25 |    11 ||    36
       Tentacles         |     8 |     4 ||    12
       Kick              |    10 |       ||    10
       Punch             |     1 |       ||     1
 Cast: Beastly Appendage |     9 |       ||     9
       Spider Form       |     1 |    17 ||    18
       Sticks to Snakes  |       |     4 ||     4
  Use: Potion            |     3 |       ||     3
       Scroll            |       |     1 ||     1
 Stab: Sleeping          |     8 |     4 ||    12
  Eat: Chunk             |     5 |     8 ||    13
Armor: Skin              |    18 |     6 ||    24
Dodge: Dodged            |    64 |    98 ||   162

Table legend:
 A = Spawn XP
 B = Non-spawn XP
 C = Spawn XP percentage of total XP
 D = Spawn monster count
 E = Non-spawn monster count
 F = Spawn count percentage of total count
 G = Total turns spent on level
                    A         B        C        D         E        F      G
               +---------+---------+-------+---------+---------+-------+---------
         Total |       0 |     490 |   0.0 |       0 |      82 |   0.0 |  4310
               +---------+---------+-------+---------+---------+-------+---------
           D:1 |       0 |      38 |   0.0 |       0 |      22 |   0.0 |  1242
           D:2 |       0 |      66 |   0.0 |       0 |      22 |   0.0 |  1443
           D:3 |       0 |      62 |   0.0 |       0 |      19 |   0.0 |   703
           D:4 |       0 |     292 |   0.0 |       0 |      16 |   0.0 |   694
           D:5 |       0 |      32 |   0.0 |       0 |       3 |   0.0 |    71
               +---------+---------+-------+---------+---------+-------+---------
